 Dungeon Crawl Stone Soup version 0.28.0-53-g5a82cb258f (webtiles) character file.

Game seed: 4252456247603774816

158 firemarshallily the Skirmisher (level 5, 0/38 HPs)
             Began as an Octopode Berserker on July 2, 2022.
             Was a Believer of Trog.
             Slain by a wyvern zombie (1 damage)
             ... on level 6 of the Dungeon.
             The game lasted 00:07:16 (3617 turns).

firemarshallily the Skirmisher (Octopode Berserker) Turns: 3617, Time: 00:07:17

Health: 0/38       AC:  1    Str: 24    XL:     5   Next: 40%
Magic:  6/6        EV: 13    Int:  9    God:    Trog [**....]
Gold:   80         SH:  0    Dex: 12    Spells: 4/4 levels left

rFire   . . .      SeeInvis .   a - +1 hand axe
rCold   . . .      Faith    .   (no shield)
rNeg    + . .      Spirit   .   (helmet restricted)
rPois   .          Reflect  .   k - amulet of the acrobat
rElec   .          Harm     .   j - ring of willpower
rCorr   .          Rampage  .   h - ring of positive energy
Will    ++...                   n - ring of willpower
Stlth   ++........              p - +6 ring of strength
HPRegen 0.12/turn               (no ring)
MPRegen 0.10/turn               (no ring)
                                (no ring)
                                (no ring)

@: no status effects
A: almost no armour, amphibious, 8 rings, camouflage 1, gelatinous body 1,
(nimble swimmer 1), tentacles
a: Renounce Religion, Berserk, Trog's Hand


You were on level 6 of the Dungeon.
You worshipped Trog.
Trog was pleased with you.
You visited 1 branch of the dungeon, and saw 5 of its levels.

You collected 80 gold pieces.

Inventory:

Hand Weapons
 a - a +1 hand axe (weapon)
Missiles
 i - 12 poisoned darts (quivered)
 q - 2 curare-tipped darts
Jewellery
 d - a ring of wizardry
 h - a ring of positive energy (right tentacle)
 j - a ring of willpower (left tentacle)
 k - an amulet of the acrobat (around mantle)
 l - a ring of ice
 n - a ring of willpower (on tentacle)
 p - a +6 ring of strength (on tentacle)
Scrolls
 c - 2 scrolls of blinking
 f - a scroll of silence
 g - 3 scrolls of teleportation
Potions
 b - 2 potions of attraction
 e - a potion of ambrosia {unknown}
 m - 2 potions of lignification {unknown}
 o - a potion of cancellation {unknown}
 r - a potion of magic {unknown}


   Skills:
 * Level 4.4 Fighting
 * Level 4.3 Axes
 - Level 3.0 Dodging
 + Level 2.1 Invocations


You had 4 spell levels left.
You didn't know any spells.
Your spell library contained the following spells:

 Spells                   Type           Power      Damage    Failure   Level
 Tukima's Dance           Hex            0%         N/A       77%         3
 Anguish                  Hex/Necr       0%         N/A       99%         4
 Summon Forest            Summ/Tloc      0%         N/A       100%        5
 Eringya's Noxious Bog    Tmut/Pois      0%         N/A       100%        6
 Enfeeble                 Hex            0%         N/A       100%        7
 Summon Hydra             Summ           0%         N/A       100%        7


Dungeon Overview and Level Annotations

Branches:
Dungeon (4/15)
 Temple: D:4-7

Altars:
Nemelex Xobeh

Annotations:
D:4 Duvessa, Menkaure


Innate Abilities, Weirdness & Mutations

You cannot wear most types of armour.
You are amphibious.
You can wear up to eight rings at the same time.
Your skin changes colour to match your surroundings (Stealth+).
Your rubbery body absorbs attacks. (AC +1, EV +1)
((You are camouflaged when in or above water. (Stealth+)))
You have tentacles for arms and can constrict up to eight enemies at once.


Message History

A sourceless malevolence fills the Dungeon...
You fall into a shaft and drop 2 floors!
The shaft crumbles and collapses.
A wyvern zombie comes into view.
Found a scale mail.
The helpless wyvern zombie fails to defend itself.
You hit the wyvern zombie.
The wyvern zombie is lightly damaged.
The wyvern zombie closely misses you.
You hit the wyvern zombie but do no damage.
The wyvern zombie is lightly damaged.
The wyvern zombie barely misses you.
You hit the wyvern zombie.
The wyvern zombie is lightly damaged.
The wyvern zombie bites you! The wyvern zombie misses you.
You hit the wyvern zombie but do no damage.
The wyvern zombie is lightly damaged.
The wyvern zombie misses you.
You hit the wyvern zombie.
The wyvern zombie is lightly damaged.
The wyvern zombie barely misses you. The wyvern zombie bites you.
You barely miss the wyvern zombie.
The wyvern zombie is lightly damaged.
The wyvern zombie bites you.
You hit the wyvern zombie. You squeeze the wyvern zombie.
The wyvern zombie is moderately damaged.
The wyvern zombie bites you.
* * * LOW HITPOINT WARNING * * *
You hit the wyvern zombie but do no damage.
The wyvern zombie is moderately damaged.
The wyvern zombie closely misses you. x2
You hit the wyvern zombie but do no damage.
The wyvern zombie is moderately damaged.
The wyvern zombie barely misses you.
You hit the wyvern zombie but do no damage.
The wyvern zombie is moderately damaged.
The wyvern zombie bites you!
* * * LOW HITPOINT WARNING * * *
The wyvern zombie bites you.
You die...

### ..## #.###
..#######
#.....#.Z......
#..@# ##[## #.
#. .. ##


You could see a wyvern zombie.

Vanquished Creatures
  7 adders
  A worm (D:2)
  2 dart slugs (D:2)
  8 endoplasms
  4 giant cockroaches
  6 goblins
  10 hobgoblins
  4 jackals (D:2)
  7 kobolds
  A quokka (D:3)
  11 ball pythons
  11 bats
  7 frilled lizards
  6 rats
85 creatures vanquished.

Notes
Turn   | Place    | Note
-------+----------+-------------------------------------------
     0 | D:1      | firemarshallily the Octopode Berserker began the quest for
                  | the Orb.
     0 | D:1      | Reached XP level 1. HP: 16/16 MP: 1/1
   157 | D:1      | Reached XP level 2. HP: 13/21 MP: 2/2
   946 | D:1      | Reached skill level 1 in Invocations
   953 | D:1      | Reached XP level 3. HP: 24/26 MP: 3/3
  1599 | D:2      | Reached ** piety under Trog
  1701 | D:2      | Reached XP level 4. HP: 30/33 MP: 5/5
  2948 | D:3      | Reached XP level 5. HP: 36/37 MP: 6/6
  2954 | D:3      | Found a sparkling altar of Nemelex Xobeh.
  3447 | D:4      | Noticed Duvessa
  3456 | D:4      | Noticed Menkaure
  3607 | D:4      | You fall into a shaft and drop 2 floors!
  3617 | D:6      | HP: 1/38 [wyvern zombie (9)]
  3617 | D:6      | Slain by a wyvern zombie

Illustrated notes

Levels and vault maps discovered:
D:1:      onia_arrival_pentagram, layout_basic, minmay_hexomino_u4
D:2:      layout_loops_corners, minmay_cupped
D:3:      minmay_bubble_buster, layout_rooms, mainiacjoe_overflow_brackets
D:4:      layout_rooms, mainiacjoe_overflow_small_starburst, uniq_menkaure,
          uniq_edmund, uniq_duvessa, uniq_pikel, uniq_sigmund
D:6:      layout_loops_ring, amcnicky_altar_gilded, lemuel_doored_altar,
          minmay_temple_entry_poolview, st_stairs_5, uniq_crazy_yiuf_cottage

Skill      XL: |  1  2  3  4 |
---------------+-------------+-----
Invocations    | 1 2 |  2.1
Axes           | 4 |  4.3
Fighting       | 4 |  4.4
Dodging        | |  3.0

Action                   |  1- 3 |  4- 6 || total
-------------------------+-------+-------++-------
Melee: Hand axe          |    74 |    99 ||   173
       Constrict         |    19 |    18 ||    37
       Tentacles         |    16 |    18 ||    34
       Punch             |     1 |     2 ||     3
Throw: Dart              |       |     2 ||     2
  Use: Scroll            |     6 |     2 ||     8
 Stab: Sleeping          |     5 |     6 ||    11
Armor: Skin              |     6 |     3 ||     9
Dodge: Dodged            |    46 |    85 ||   131
